 Dungeon Crawl Stone Soup version 0.19-a0-517-gd6a9987 (webtiles) character file.

2816 Aksej the Carver (level 9, -15/68 (69) HPs)
             Began as a Demonspawn Fighter on June 6, 2016.
             Killed from afar by a slave (26 damage)
             ... with an exploding inner flame
             ... led by Pikel
             ... hexed by the player character
             ... on level 8 of the Dungeon.
             The game lasted 00:15:03 (6998 turns).

Aksej the Carver (Demonspawn Fighter)               Turns: 6998, Time: 00:15:03

HP:   -15/68 (69)   AC: 14    Str: 20    XL:     9   Next: 44%
MP:   9/9           EV:  7    Int:  8    God:
Gold: 0             SH:  0    Dex: 10    Spells: 0 memorised, 8 levels left

rFire  . . .     SeeInvis .     a - +0 long sword
rCold  . . .     Gourm    .     c - +1 chain mail
rNeg   . . .     Faith    .     (no shield)
rPois  .         Spirit   .     (no helmet)
rElec  .         Dismiss  .     (no cloak)
rCorr  .         Reflect  .     l - +0 pair of gloves
SustAt .         Harm     +     (no boots)
MR     +++..                    m - amulet of harm
Stlth  ..........               r - ring of protection from magic
                                n - ring of protection from magic

@: extremely resistant to hostile enchantments, extremely unstealthy
A: talons 1, slimy green scales 2, clumsy 1, dopey 1, magic resistance 1
a: no special abilities


You were on level 8 of the Dungeon.
You were not hungry.

You visited 2 branches of the dungeon, and saw 9 of its levels.

Inventory:

Hand Weapons
 a - a +0 long sword (weapon)
Armour
 c - a +1 chain mail (worn)
 l - a +0 pair of gloves (worn)
Jewellery
 m - an amulet of harm (around neck)
 n - a ring of protection from magic (left hand)
 r - a ring of protection from magic (right hand)
Wands
 b - a wand of flame (10/48)
 d - a wand of disintegration (1/24)
 p - a wand of digging (17/24)
Scrolls
 e - 6 scrolls of amnesia
 o - 3 scrolls of remove curse
 q - a scroll of fog
 s - 3 scrolls of blinking
Comestibles
 f - 3 bread rations
 g - a slice of pizza
 h - 2 beef jerkies
 i - 5 chunks of flesh
 j - a meat ration


   Skills:
 * Level 5.7 Fighting
 * Level 10.7 Long Blades
 + Level 4.1 Armour
   Level 2.6 Shields


You had 8 spell levels left.
You didn't know any spells.

Dungeon Overview and Level Annotations

Branches:
Dungeon (7/15)             Temple (1/1) D:6

Altars:
Ashenzari
Cheibriados
Elyvilon
Hepliaklqana
Makhleb
Pakellas
Ru
Sif Muna
Uskayaw
Vehumet
Xom
Zin
The Shining One

Annotations:
D:8 Maurice


Innate Abilities, Weirdness & Mutations

You have sharp toenails.
You are mostly covered in slimy green scales. (AC +3)
You are clumsy. (Dex -2)
You are dopey. (Int -2)
You are resistant to hostile enchantments. (MR+)


Message History

The slave hits you but does no damage. x2; Pikel barely misses you.
You hit Pikel.
Pikel is heavily wounded.
The slave hits you but does no damage. The slave hits you.
Pikel hits you but does no damage.
You hit Pikel. Your kick misses Pikel.
Pikel is heavily wounded.
The slave hits you but does no damage.
You slash Pikel!
Pikel explodes!
The fiery explosion engulfs the slave.
The slave explodes!
The fiery explosion engulfs the slave.
The slave is lightly wounded.
The fiery explosion engulfs you!
* * * LOW HITPOINT WARNING * * *
The fiery explosion engulfs the slave.
The slave explodes!
The fiery explosion engulfs you!
You die...

#.#)##....P......≈≈....
#.#(#####.P.....≈≈≈≈...
#.#.# #........≈≈≈≈..
#.#.# #.......≈≈≈≈≈≈.
..#)# #..............
####.######.#..#.#...#.#
..........#.#..#†#...#
##........#.#.§#§# ..#
#........#...p§@# ..#
#........#.#.##§# ..
#.........§§ §§§ ###
........§§§§ ##...
........§§§§ .....
..8..#.M§§§§ ##...#
......#.§§.. ...# ......
....# ...#


You could see a slave (inner flame).

Vanquished Creatures
  Sigmund (D:5)
  Menkaure (D:5)
  Edmund (D:5)
  Duvessa (D:5)
  A sky beast (D:4)
  2 necrophages (D:8)
  4 ogres
  A phantom (D:6)
  A centaur (D:8)
  Blork the orc (D:5)
  2 giant frogs (D:8)
  Dowan (D:5)
  5 scorpions
  2 howler monkeys (D:8)
  4 wights (D:8)
  3 crimson imps
  2 centaur zombies (D:8)
  A giant frog zombie (D:6)
  3 hounds
  2 orc wizards
  2 centaur skeletons (D:7)
  A jelly (D:8)
  A giant frog skeleton (D:8)
  Ijyb (D:2)
  3 worker ants
  A hound skeleton (D:5)
  3 mummies (D:8)
  A worker ant zombie (D:8)
  9 adders
  A shadow imp (D:7)
  2 oozes
  An adder skeleton (D:4)
  3 worms
  2 dart slugs (D:1)
  6 giant geckos
  13 orcs
  2 bat zombies (D:1)
  6 giant cockroaches
  13 goblins
  4 hobgoblins
  5 jackals
  2 quokkas
  7 bats
  A giant gecko skeleton (D:4)
  A giant newt (D:1)
  A jackal zombie (D:5)
  8 kobolds
  7 rats
146 creatures vanquished.

Notes
Turn   | Place    | Note
--------------------------------------------------------------
     0 | D:1      | Aksej the Demonspawn Fighter began the quest for the Orb.
     0 | D:1      | Reached XP level 1. HP: 18/18 MP: 1/1
    35 | D:1      | Reached skill level 2 in Long Blades
   152 | D:1      | Gained mutation: You are partially covered in slimy green scales. (AC +2) [demonic ancestry]
   152 | D:1      | Reached XP level 2. HP: 23/24 MP: 2/2
   423 | D:1      | Reached skill level 3 in Long Blades
   617 | D:1      | Reached XP level 3. HP: 26/29 MP: 3/3
  1144 | D:2      | Noticed Ijyb
  1158 | D:2      | Killed Ijyb
  1158 | D:2      | Reached skill level 4 in Long Blades
  1158 | D:2      | Reached XP level 4. HP: 34/35 MP: 4/4
  2165 | D:3      | Reached XP level 5. HP: 22/41 MP: 5/5
  2176 | D:3      | Reached skill level 5 in Long Blades
  2558 | D:4      | Gained mutation: You have sharp toenails. [demonic ancestry]
  2558 | D:4      | Reached XP level 6. HP: 27/47 MP: 6/6
  2793 | D:4      | Reached skill level 6 in Long Blades
  2991 | D:4      | Found a glowing silver altar of Zin.
  3179 | D:4      | Reached skill level 7 in Long Blades
  3179 | D:4      | Reached XP level 7. HP: 49/52 MP: 7/7
  3187 | D:4      | Found a hide-covered altar of Uskayaw.
  3189 | D:4      | Found a radiant altar of Vehumet.
  3218 | D:4      | Found a shattered altar of Ashenzari.
  3434 | D:4      | Found a white marble altar of Elyvilon.
  3590 | D:4      | You fall through a shaft for 3 floors!
  3625 | D:5      | Entered Level 5 of the Dungeon
  3625 | D:5      | Noticed Duvessa
  3625 | D:5      | Noticed Dowan
  3629 | D:5      | Noticed Edmund
  3636 | D:5      | Noticed Blork the orc
  3873 | D:4      | Gained mutation: You are resistant to hostile enchantments. (MR+) [potion of beneficial mutation]
  4203 | D:5      | Noticed Sigmund
  4207 | D:5      | Noticed Menkaure
  4214 | D:5      | Killed Sigmund
  4214 | D:5      | Reached skill level 8 in Long Blades
  4220 | D:5      | Killed Menkaure
  4220 | D:5      | Gained mutation: You are mostly covered in slimy green scales. (AC +3) [demonic ancestry]
  4220 | D:5      | Reached XP level 8. HP: 23/58 MP: 8/8
  4299 | D:5      | Killed Edmund
  4299 | D:5      | Reached skill level 9 in Long Blades
  4340 | D:5      | Killed Blork the orc
  4431 | D:5      | Killed Duvessa
  4443 | D:5      | Killed Dowan
  5313 | D:6      | Found a staircase to the Ecumenical Temple.
  5329 | Temple   | Entered the Ecumenical Temple
  5824 | D:6      | Reached skill level 10 in Long Blades
  5973 | D:6      | Found a glowing golden altar of the Shining One.
  6407 | D:7      | Found a shimmering altar of Xom.
  6454 | D:7      | You fall through a shaft!
  6486 | D:8      | Reached XP level 9. HP: 42/64 MP: 9/9
  6769 | D:8      | Noticed Maurice
  6778 | D:8      | Gained mutation: You are clumsy. (Dex -2) [potion of mutation]
  6778 | D:8      | Gained mutation: You are dopey. (Int -2) [potion of mutation]
  6783 | D:8      | Reached skill level 5 in Fighting
  6984 | D:8      | Noticed Pikel
  6998 | D:8      | Killed Pikel
  6998 | D:8      | Killed from afar by a slave

Vault maps used:
D:1:      saegor_arrival_fortress, bh_walls_and_bars
D:2:      first_bread, serial_glass, glass_columns_a, glass_columns_a, uniq_iyjb
D:3:      kennysheep_generic_room_4
D:4:      elyvilon_altar_1, nicolae_overflow_crystal_walls,
          grunt_temple_overflow_open
D:5:      uniq_duvessa, uniq_blork_the_orc, uniq_sigmund, uniq_edmund,
          uniq_menkaure
D:6:      minmay_temple_entry_grid, nicolae_tso_swordbearing_angel
D:7:      xom_teletrap_fun, st_stairs_10, yredelemnul_altar_generic
D:8:      lemuel_crystal_altar, nicolae_overflow_hidden_temple,
          old_standard_altar, serial_undead, serial_undead_c, serial_undead_b,
          serial_undead_a, serial_undead_b, serial_undead_a, serial_undead_d,
          serial_undead_b, uniq_maurice, uniq_gastronok, uniq_pikel, uniq_joseph
Temple:   temple_island_7

Skill      XL: |  1  2  3  4  5  6  7  8  9 |
---------------+----------------------------+-----
Long Blades    | 2 3 4 5 7 8 10 | 10.7
Armour         | 3 4 |  4.1
Fighting       | 4 5 |  5.7
Shields        | |  2.6

Action                   |  1- 3 |  4- 6 |  7- 9 || total
-------------------------+-------+-------+-------++-------
Melee: Long sword        |   142 |   152 |   347 ||   641
       Kick              |       |     7 |    87 ||    94
Evoke: Wand              |       |       |     1 ||     1
  Use: Scroll            |     8 |     2 |     8 ||    18
       Potion            |     1 |     2 |     7 ||    10
  Eat: Chunk             |     1 |     7 |     3 ||    11
       Meat ration       |       |       |     2 ||     2
       Pizza             |       |       |     1 ||     1
Armor: Scale mail        |     7 |       |       ||     7
       Chain mail        |   117 |   120 |   171 ||   408
       Skin              |       |       |    41 ||    41
Dodge: Dodged            |    48 |    48 |   112 ||   208
